 Dungeon Crawl Stone Soup version 0.20.1-1-g8b1a95d (console) character file.

291 hilaritas the Ruffian (level 6, -1/59 HPs)
             Began as a Troll Fighter on Nov 9, 2017.
             Slain by an ice beast (6 damage)
             ... on level 5 of the Dungeon.
             The game lasted 00:05:09 (2515 turns).

hilaritas the Ruffian (Troll Fighter)               Turns: 2515, Time: 00:05:10

Health: -1/59      AC:  5    Str: 25    XL:     6   Next: 10%
Magic:  5/5        EV:  8    Int:  6    God:
Gold:   153        SH:  9    Dex:  9    Spells: 5/5 levels left

rFire    . . .     SeeInvis .     - Unarmed
rCold    . . .     Gourm    +   b - +0 shield
rNeg     . . .     Faith    .   v - +0 robe
rPois    .         Spirit   .   (helmet restricted)
rElec    .         Reflect  .   (no cloak)
rCorr    .         Harm     .   (gloves unavailable)
MR       .....                  (boots unavailable)
Stlth    +.........             (no amulet)
Regen    0.6/turn               (no ring)
MPRegen  0.1/turn               (no ring)

@: no status effects
A: unfitting armour, claws 3, fast metabolism 3, gourmand, regeneration 1,
shaggy fur 1, tough skin 2
a: no special abilities


You were on level 5 of the Dungeon.
You were completely stuffed.

You visited 1 branch of the dungeon, and saw 5 of its levels.

You collected 153 gold pieces.

Inventory:

Hand Weapons
 g - a +0 flail of protection
Armour
 b - a +0 shield (worn)
 m - a +1 large shield
 v - a +0 robe (worn)
Scrolls
 e - a scroll of fear
 f - 4 scrolls of identify
 h - a scroll of remove curse
Potions
 a - a potion of berserk rage
 c - 2 potions of might
 j - a potion of agility {unknown}
 k - a potion of experience {unknown}
 l - a potion of lignification {unknown}
 n - 4 potions of haste {unknown}
 o - a potion of heal wounds {unknown}
 p - 2 potions of curing {unknown}
 q - a potion of ambrosia {unknown}
 r - a potion of brilliance {unknown}
 s - 2 potions of flight {unknown}
 u - a potion of cancellation {unknown}
 w - a potion of degeneration {unknown}
Comestibles
 d - 5 bread rations
 i - 2 meat rations
 t - 3 fruits
 x - a royal jelly
 z - 5 chunks of flesh


   Skills:
 - Level 2.4 Fighting
 - Level 2.4 Dodging
 + Level 3.3 Shields
 * Level 5.8 Unarmed Combat


You had 5 spell levels left.
You didn't know any spells.

Dungeon Overview and Level Annotations

Branches:
Dungeon (5/15)
 Temple: D:4-7

Altars:


Innate Abilities, Weirdness & Mutations

You are too large for most types of armour.
You have claws for hands.
Your metabolism is lightning-fast.
You like to eat raw meat.
Your natural rate of healing is unusually fast.
You are covered in fur. (AC +1)
You have very tough skin. (AC +2)


Message History

You block the ice beast's attack.
You closely miss the ice beast.
The ice beast is severely wounded.
The ice beast hits you but does no damage.
You scratch the ice beast but do no damage.
The ice beast is severely wounded.
The ice beast barely misses you.
You closely miss the ice beast.
The ice beast is severely wounded.
The ice beast hits you but does no damage.
You barely miss the ice beast.
The ice beast is severely wounded.
The ice beast hits you. The ice beast freezes you!
* * * LOW HITPOINT WARNING * * *
You scratch the ice beast.
The ice beast is almost dead.
The ice beast hits you.
* * * LOW HITPOINT WARNING * * *
The ice beast freezes you.
You die...

.. ########## ...
#......... ..###
#.....$... #...
#......... ###...
#.Y.......
+#.#...#+.@.......
#.#.....#.........
.#.#.#.#..........
.#.#.#.#.#+########
#.#.#.#.#....#
#.#.#.#'....#
#.#.#.#.#....# #
#.# #.#.#.#+### .#
#.#
#.#.#.#.##########
#.#.#
#.#.#.#.#.........#
.#>#
.#.#.#.#+.........#


You could see an ice beast.

Vanquished Creatures
  A centaur (D:5)
  2 orc priests (D:4)
  A hound skeleton (D:4)
  6 adders
  An ooze (D:4)
  2 adder skeletons
  A worm (D:4)
  2 leopard geckos (D:3)
  7 orcs
  A ball python (D:3)
  4 giant cockroaches
  7 goblins
  A hobgoblin (D:3)
  9 jackals
  A kobold (D:1)
  4 quokkas
  4 bats
  9 frilled lizards (D:1)
  A jackal skeleton (D:5)
  A leopard gecko skeleton (D:4)
  6 rats
71 creatures vanquished.

Notes
Turn   | Place    | Note
-------+----------+-------------------------------------------
     0 | D:1      | hilaritas the Troll Fighter began the quest for the Orb.
     0 | D:1      | Reached XP level 1. HP: 22/22 MP: 0/0
    78 | D:1      | Reached XP level 2. HP: 28/29 MP: 1/1
   448 | D:1      | Reached skill level 3 in Unarmed Combat
   640 | D:2      | Reached XP level 3. HP: 36/36 MP: 2/2
  1293 | D:3      | Reached XP level 4. HP: 40/44 MP: 3/3
  1488 | D:3      | Reached skill level 4 in Unarmed Combat
  1707 | D:4      | Reached XP level 5. HP: 50/50 MP: 4/4
  1995 | D:4      | Reached skill level 5 in Unarmed Combat
  2203 | D:5      | Entered Level 5 of the Dungeon
  2386 | D:5      | Noticed a centaur
  2399 | D:5      | Killed a centaur
  2399 | D:5      | Reached XP level 6. HP: 42/59 MP: 5/5
  2501 | D:5      | Noticed an ice beast
  2515 | D:5      | Slain by an ice beast

Skill      XL: |  1  2  3  4  5 |
---------------+----------------+-----
Unarmed Combat | 3 4 5 |  5.8
Shields        | 3 |  3.3
Fighting       | |  2.4
Dodging        | |  2.4

Action                   |  1- 3 |  4- 6 || total
-------------------------+-------+-------++-------
Melee: Unarmed           |   110 |   108 ||   218
  Use: Scroll            |       |     8 ||     8
 Stab: Sleeping          |       |     1 ||     1
  Eat: Chunk             |    17 |    12 ||    29
Armor: Robe              |    28 |    27 ||    55
Dodge: Dodged            |    32 |    29 ||    61
Block: Shield            |    44 |    35 ||    79
